 Dungeon Crawl Stone Soup version 0.30-b1-2-g02819fbbbe (webtiles) character file.

Game seed: 12854099410892465636

946 Arzdou the Chopper (level 8, -1/58 (67) HPs)
             Began as a Gnoll Cinder Acolyte on May 16, 2023.
             Was a Priest of Ignis.
             Slain by a wight
             ... wielding a +0 flail
              (3 damage)
             ... on level 7 of the Dungeon.
             The game lasted 00:06:21 (4612 turns).

Arzdou the Chopper (Gnoll Cinder Acolyte)           Turns: 4612, Time: 00:06:22

HP:   -1/58 (67)    AC: 16    Str: 15    XL:     8   Next: 13%
MP:   14/14         EV: 11    Int: 14    God:    Ignis [***...]
Gold: 438           SH:  0    Dex: 11    Spells: 13/15 levels left

rFire   + + .        q - +1 hand axe (drain)
rCold   . . .        (no shield)
rNeg    . . .        d - +0 ring mail
rPois   .            F - +0 helmet
rElec   .            L - +0 cloak
rCorr   .            p - +0 pair of gloves
SInv    .            (no boots)
Will    .....        (no amulet)
Stlth   +            h - ring of Komnueru {Wiz Drain rF+ Dex+3}
HPRegen 0.29/turn    (no ring)
MPRegen 0.14/turn

%: wizardry (x1)
@: fiery-armoured, heavily drained
A: fangs 1, strong nose, distributed training
a: Renounce Religion, Fiery Armour, Foxfire Swarm, Rising Flame


You were on level 7 of the Dungeon.
You worshipped Ignis.
Ignis was most pleased with you.
You visited 1 branch of the dungeon, and saw 7 of its levels.

You collected 438 gold pieces.

Inventory:

Hand Weapons
 a - a -1 hand axe of flaming
 q - a +1 hand axe of draining (weapon)
Missiles
 B - a throwing net
Armour
 b - a +0 robe
 d - a +0 ring mail (worn)
 p - a +0 pair of gloves (worn)
 F - a +0 helmet (worn)
 L - a +0 cloak (worn)
Jewellery
 h - the ring of Komnueru (left hand) {Wiz Drain rF+ Dex+3}
   (You found it on level 2 of the Dungeon)

   [ring of wizardry]

   It improves your spell success rate.
   Dex:       It affects your dexterity (+3).
   rF:        It protects you from fire.
   Drain:     It drains your maximum health when unequipped.
 v - a +4 ring of protection
 C - an amulet of guardian spirit
 I - a ring of protection from fire
Wands
 u - a wand of iceblast (6)
 H - a wand of flame (17)
 K - a wand of polymorph (4)
 N - a wand of charming (5)
Scrolls
 c - 5 scrolls of identify {unknown}
 g - 3 scrolls of fear {unknown}
 k - a scroll of enchant weapon {unknown}
 n - 4 scrolls of teleportation {unknown}
 o - 2 scrolls of enchant armour {unknown}
 s - a scroll of poison {unknown}
 x - 2 scrolls of fog {unknown}
 y - 3 scrolls of immolation {unknown}
 z - a scroll of vulnerability {unknown}
 A - a scroll of noise {unknown}
 G - a scroll of amnesia {unknown}
 O - a scroll of magic mapping {unknown}
Potions
 e - 3 potions of berserk rage {unknown}
 f - 4 potions of curing {unknown}
 i - 3 potions of attraction {unknown}
 j - 2 potions of heal wounds {unknown}
 l - 2 potions of invisibility {unknown}
 m - a potion of resistance {unknown}
 r - a potion of ambrosia {unknown}
 t - a potion of haste {unknown}
 w - a potion of brilliance {unknown}
 D - 2 potions of might {unknown}
 E - 2 potions of mutation {unknown}
 M - a potion of magic {unknown}
Miscellaneous
 J - a condenser vane


   Skills:
 + Level 7.3 Fighting
 + Level 3.1 Short Blades
 + Level 3.1 Long Blades
 + Level 7.3 Axes
 + Level 3.1 Maces & Flails
 + Level 3.1 Polearms
 + Level 3.1 Staves
 + Level 3.1 Ranged Weapons
 + Level 3.1 Throwing
 + Level 3.1 Armour
 + Level 3.1 Dodging
 + Level 3.1 Stealth
 + Level 3.1 Shields
 + Level 3.1 Unarmed Combat
 + Level 4.2 Spellcasting
 + Level 2.5 Conjurations
 + Level 2.5 Hexes
 + Level 2.5 Summonings
 + Level 2.5 Necromancy
 + Level 2.5 Translocations
 + Level 2.5 Transmutations
 + Level 6.0 Fire Magic
 + Level 2.5 Ice Magic
 + Level 2.5 Air Magic
 + Level 2.5 Earth Magic
 + Level 2.5 Poison Magic
 + Level 3.4 Invocations
 + Level 3.1 Evocations


You had 13 spell levels left.
You knew the following spells:

 Your Spells              Type           Power      Damage    Failure   Level
a - Scorch                Fire           40%        2d6       1%          2

Your spell library contained the following spells:

 Spells                   Type           Power      Damage    Failure   Level
 Apportation              Tloc           20%        N/A       5%          1
 Freeze                   Ice            40%        1d6       5%          1
 Necrotise                Necr           40%        1d6       5%          1
 Summon Small Mammal      Summ           40%        N/A       5%          1
 Poisonous Vapours        Pois/Air       20%        N/A       8%          2
 Frozen Ramparts          Ice            20%        1d4       16%         3
 Hailstorm                Conj/Ice       10%        3d5       16%         3
 Mephitic Cloud           Conj/Pois/Air  10%        N/A       16%         3
 Freezing Cloud           Conj/Ice/Air   5%         6-21      77%         5


Dungeon Overview and Level Annotations

Branches:
Dungeon (7/15)             Temple (0/1) D:7

Altars:
Nemelex Xobeh
Okawaru
Ru
Sif Muna
Xom
Zin

Shops:
D:1 *   D:4 ::?


Innate Abilities, Weirdness & Mutations

You have very sharp teeth.
Your uncanny sense of smell can sniff out nearby items.
Your experience applies equally to all skills.


Message History

A wight comes into view. It is wielding a +3 mace.
The wight misses you.
A wight comes into view. It is wielding a +2 short sword.
The wight hits you with a +0 trident!
You feel drained.
You closely miss the wight. The wight barely misses you.
You hit the wight but do no damage. The wight barely misses you.
You hit the wight but do no damage. The wight barely misses you.
You barely miss the wight. The wight closely misses you.
You barely miss the wight. You hit the wight. x2
The wight closely misses you. The wight hits you with a +0 trident.
You feel drained.
You barely miss the wight.
The wight is heavily damaged.
You hit the wight. x2; The wight hits you with a +3 mace.
You feel drained. The wight barely misses you.
The wight hits you but does no damage.
Unknown command.
You closely miss the wight. Your bite misses the wight.
The wight is heavily damaged.
You hit the wight but do no damage. You closely miss the wight.
You hit the wight. The wight hits you with a +0 trident!
The wight hits you with a +2 short sword!
The wight hits you with a +3 mace!
You feel drained. The wight hits you with a +0 flail.
* * * LOW HITPOINT WARNING * * *
You are too injured to fight recklessly!
A protective cloak of flame settles atop you.
The wight hits you but does no damage. The wight hits you with a +0 trident.
* * * LOW HITPOINT WARNING * * *
The wight is burned by your cloak of flames.
The wight is almost destroyed.
The wight closely misses you. x2
Activating: Foxfire Swarm
Press: ? - help, Dir - look around, f - activate Flames leap up around you!
The wight closely misses you. The wight hits you with a +0 trident!
* * * LOW HITPOINT WARNING * * *
The wight barely misses you. The wight hits you with a +0 flail!
* * * LOW HITPOINT WARNING * * *
You feel drained.
You die...

.................#...#.#...#..
.......>...##....#...#.#......
...........##....#.#.......#.#
.......###.##....#..# ........
.....?...........#..## #......
#................'...####.....
......vvvvv.#....##...#
......vvvvv.##.#.....##
#......#@zv.##..#..>.##
#.....vzzzv.##..##....# .
#.....vvvvv.....##...##.#
.###...........###†.##.#
#...........###.#..##.
#............#........
#...#'##..............
#...#.........<.......
########.......


You could see 4 wights.

Vanquished Creatures
  An ogre (D:6)
  A phantom (D:7)
  2 bullfrogs
  A scorpion (D:4)
  A gnoll bouda (D:5)
  2 orc priests
  A hound (D:5)
  Crazy Yiuf (D:4)
  2 sleepcaps (D:4)
  3 iguanas
  An orc wizard (D:6)
  10 gnolls
  10 adders
  2 ufetubi
  2 dart slugs
  14 orcs
  9 ball pythons
  7 bats
  7 endoplasms
  6 giant cockroaches
  8 goblins
  5 hobgoblins
  10 kobolds
  6 quokkas
  A frilled lizard (D:2)
  A rat (D:3)
114 creatures vanquished.

Vanquished Creatures (others)
  16 foxfires (D:6)
16 creatures vanquished.

Grand Total: 130 creatures vanquished

Notes
Turn   | Place    | Note
-------+----------+-------------------------------------------
     0 | D:1      | Arzdou the Gnoll Cinder Acolyte began the quest for the
                  | Orb.
     0 | D:1      | Reached XP level 1. HP: 23/23 MP: 4/4
   128 | D:1      | Reached XP level 2. HP: 28/29 MP: 5/5
   404 | D:1      | Found Vip Guec's Assorted Antiques.
   573 | D:2      | Reached XP level 3. HP: 32/35 MP: 7/7
   581 | D:2      | Identified the ring of Komnueru {Wiz Drain rF+ Dex+3}
   596 | D:2      | Learned a level 2 spell: Scorch
   865 | D:2      | Found a faded altar of an unknown god.
   951 | D:2      | Reached skill level 1 in Invocations
  1056 | D:2      | Reached skill level 1 in Short Blades
  1056 | D:2      | Reached skill level 1 in Long Blades
  1056 | D:2      | Reached skill level 1 in Maces & Flails
  1056 | D:2      | Reached skill level 1 in Polearms
  1056 | D:2      | Reached skill level 1 in Staves
  1056 | D:2      | Reached skill level 1 in Ranged Weapons
  1056 | D:2      | Reached skill level 1 in Throwing
  1056 | D:2      | Reached skill level 1 in Armour
  1056 | D:2      | Reached skill level 1 in Dodging
  1056 | D:2      | Reached skill level 1 in Stealth
  1056 | D:2      | Reached skill level 1 in Shields
  1056 | D:2      | Reached skill level 1 in Unarmed Combat
  1056 | D:2      | Reached skill level 1 in Evocations
  1324 | D:2      | Reached XP level 4. HP: 40/41 MP: 8/8
  1771 | D:3      | Reached skill level 1 in Conjurations
  1771 | D:3      | Reached skill level 1 in Hexes
  1771 | D:3      | Reached skill level 1 in Summonings
  1771 | D:3      | Reached skill level 1 in Necromancy
  1771 | D:3      | Reached skill level 1 in Translocations
  1771 | D:3      | Reached skill level 1 in Transmutations
  1771 | D:3      | Reached skill level 1 in Ice Magic
  1771 | D:3      | Reached skill level 1 in Air Magic
  1771 | D:3      | Reached skill level 1 in Earth Magic
  1771 | D:3      | Reached skill level 1 in Poison Magic
  2262 | D:4      | Reached XP level 5. HP: 32/47 MP: 9/9
  2342 | D:4      | Found a sparkling altar of Nemelex Xobeh.
  2459 | D:4      | Found Keklolyg's Magic Scroll Shop.
  2469 | D:4      | Found Owuen's Book Shop.
  2469 | D:4      | Found Fidisisa's Book Shop.
  2683 | D:4      | Found a glowing silver altar of Zin.
  2686 | D:4      | Noticed an angel
  2710 | D:4      | Found a shimmering altar of Xom.
  2726 | D:4      | Reached XP level 6. HP: 49/53 MP: 9/11
  3119 | D:4      | Found a runed translucent door.
  3120 | D:4      | Noticed Crazy Yiuf
  3127 | D:4      | Killed Crazy Yiuf
  3232 | D:5      | Entered Level 5 of the Dungeon
  3271 | D:5      | Reached XP level 7. HP: 57/60 MP: 12/12
  3476 | D:5      | Found an iron altar of Okawaru.
  3627 | D:5      | Found a sacrificial altar of Ru.
  4048 | D:6      | Found a shimmering blue altar of Sif Muna.
  4493 | D:7      | Noticed a steam dragon
  4533 | D:7      | Found a staircase to the Ecumenical Temple.
  4541 | D:7      | Reached XP level 8. HP: 60/67 MP: 14/14
  4612 | D:7      | HP: 2/60 [wight/+0 flail (8)]
  4612 | D:7      | Slain by a wight

Illustrated notes

Levels and vault maps discovered:
D:1:      heliophobic_arrival_battle_scene, layout_rooms, serial_shops, shop
D:2:      layout_loops_corners, chequers_ecumenical_altar_simple_redux
D:3:      layout_basic
D:4:      minmay_octagon_keep, layout_basic,
          grunt_temple_overflow_order_and_chaos_1, mainiacjoe_overflow_alcove_1,
          nicolae_shop_distant_corner_stores, uniq_crazy_yiuf_cottage
D:5:      layout_basic, mainiacjoe_overflow_paths, kennysheep_little_box
D:6:      layout_cave_pools, amcnicky_altar_gilded, minmay_misc_feat_rows
D:7:      hellmonk_ruined_rings, layout_basic, mainiacjoe_overflow_catwalk,
          minmay_temple_entry_wispy, gammafunk_ghost_necromancy,
          nicolae_shop_overcharged_wands

Skill      XL: |  1  2  3  4  5  6  7 |
---------------+----------------------+-----
Invocations    | 1 2 3 |  3.4
Short Blades   | 1 2 3 |  3.1
Long Blades    | 1 2 3 |  3.1
Maces & Flails | 1 2 3 |  3.1
Polearms       | 1 2 3 |  3.1
Staves         | 1 2 3 |  3.1
Ranged Weapons | 1 2 3 |  3.1
Throwing       | 1 2 3 |  3.1
Armour         | 1 2 3 |  3.1
Dodging        | 1 2 3 |  3.1
Stealth        | 1 2 3 |  3.1
Shields        | 1 2 3 |  3.1
Unarmed Combat | 1 2 3 |  3.1
Evocations     | 1 2 3 |  3.1
Spellcasting   | 3 4 |  4.2
Conjurations   | 1 2 |  2.5
Hexes          | 1 2 |  2.5
Summonings     | 1 2 |  2.5
Necromancy     | 1 2 |  2.5
Translocations | 1 2 |  2.5
Transmutations | 1 2 |  2.5
Ice Magic      | 1 2 |  2.5
Air Magic      | 1 2 |  2.5
Earth Magic    | 1 2 |  2.5
Poison Magic   | 1 2 |  2.5
Fighting       | 7 |  7.3
Axes           | 7 |  7.3
Fire Magic     | 6 |  6.0

Action                     |  1- 3 |  4- 6 |  7- 9 || total
---------------------------+-------+-------+-------++-------
  Melee: Hand axe          |    98 |   164 |   102 ||   364
         Bite              |    12 |    19 |     7 ||    38
         Punch             |     1 |     4 |     3 ||     8
         Unarmed           |       |     2 |       ||     2
   Cast: Scorch            |     3 |       |       ||     3
 Invoke: Fiery Armour      |       |     1 |     2 ||     3
         Foxfire Swarm     |       |       |     2 ||     2
 Armour: Robe              |    11 |       |       ||    11
         Ring mail         |    30 |    75 |    39 ||   144
  Dodge: Dodged            |    52 |    89 |    74 ||   215
